 Dungeon Crawl Stone Soup version 0.29-a0-321-gf1c400731a (webtiles) character file.

Game seed: 12635670169257273048

6801 Ijustatesigmund the Arsonist (level 10, -6/54 HPs)
             Began as a Deep Elf Fire Elementalist on Apr 4, 2022.
             Mangled by a troll (9 damage)
             ... on level 9 of the Dungeon.
             The game lasted 00:23:51 (12734 turns).

Ijustatesigmund the Arsonist (DEFE)                Turns: 12734, Time: 00:23:53

Health: -6/54      AC:  5    Str:  5    XL:     10   Next: 76%
Magic:  17/26      EV: 17    Int: 25    God:
Gold:   397        SH:  0    Dex: 27    Spells: 17/29 levels left

rFire   . . .      SeeInvis .   p - +4 dagger (vamp)
rCold   . . .      Faith    .   (no shield)
rNeg    . . .      Spirit   .   a - +0 robe
rPois   .          Reflect  .   (no helmet)
rElec   .          Harm     .   g - +1 cloak
rCorr   .          Rampage  .   (no gloves)
Will    +....                   z - +0 pair of boots
Stlth   +++.......              (no amulet)
HPRegen 0.18/turn               q - +6 ring of dexterity
MPRegen 0.20/turn               u - +6 ring of dexterity

@: no status effects
A: no striking features
a: no special abilities


You were on level 9 of the Dungeon.
You visited 1 branch of the dungeon, and saw 11 of its levels.

You collected 425 gold pieces.
You spent 28 gold pieces at shops.

Inventory:

Hand Weapons
 d - a +0 rapier
 f - a +0 quarterstaff
 p - a +4 vampiric dagger (weapon)
 C - a +2 scimitar of flaming
Missiles
 c - 50 poisoned darts
 x - a throwing net
Armour
 a - a +0 robe (worn)
 g - a +1 cloak (worn)
 z - a +0 pair of boots (worn)
Jewellery
 q - a +6 ring of dexterity (left hand)
 u - a +6 ring of dexterity (right hand)
 E - a ring of poison resistance
Wands
 j - a wand of flame (38)
 k - a wand of digging (4)
 l - a wand of paralysis (4)
 t - a wand of iceblast (4)
 w - a wand of acid (23)
Scrolls
 v - 5 scrolls of magic mapping
 y - a scroll of summoning
 A - a scroll of enchant armour
 B - 2 scrolls of identify
 G - a scroll of acquirement {unknown}
Potions
 e - a potion of cancellation
 h - a potion of curing
 i - a potion of heal wounds
 m - 3 potions of flight
 n - 2 potions of haste
 o - 2 potions of brilliance
 r - 2 potions of berserk rage
 s - 2 potions of might
 D - a potion of ambrosia
 F - a potion of attraction


   Skills:
 + Level 2.6 Fighting
 - Level 5.3 Dodging
 - Level 2.4 Stealth
 + Level 10.2 Spellcasting
 + Level 8.7 Conjurations
 - Level 5.9 Translocations
 + Level 11.0 Fire Magic
 - Level 2.0 Evocations


You had 17 spell levels left.
You knew the following spells:

 Your Spells              Type           Power      Damage    Failure   Level
a - Foxfire               Conj/Fire      100%       2x1d9     1%          1
b - Scorch                Fire           100%       2d10      1%          2
c - Conjure Flame         Conj/Fire      58%        6-21      1%          3
d - Blink                 Tloc           84%        N/A       1%          2
e - Flame Wave            Conj/Fire      58%        2d11      1%          4

Your spell library contained the following spells:

 Spells                   Type           Power      Damage    Failure   Level
 Inner Flame              Hex/Fire       40%        N/A       1%          3
 Sting                    Tmut/Pois      48%        1d5       4%          1
 Poisonous Vapours        Pois/Air       24%        N/A       8%          2
 Manifold Assault         Tloc           42%        N/A       12%         5
 Olgreb's Toxic Radiance  Pois           12%        N/A       43%         4
 Summon Ice Beast         Ice/Summ       12%        N/A       43%         4
 Summon Mana Viper        Hex/Summ       12%        N/A       80%         5
 Monstrous Menagerie      Summ           6%         N/A       100%        7
 Storm Form               Tmut/Air       6%         N/A       100%        7


Dungeon Overview and Level Annotations

Branches:
Dungeon (11/15)              Lair (0/6) D:8
 Temple: D:4-7          Orc: D:9-12

Altars:
Fedhas
Gozag
Hepliaklqana
Kikubaaqudgha
Makhleb
Okawaru
Qazlal
Ru
Sif Muna
Trog
Wu Jian

Shops:
D:3 ?

Annotations:
D:4 2 transporters
D:10 Urug


Message History

Flames lash the troll.
The troll is burned terribly!
You kill the troll!
The troll leather armour is intact enough to wear.
Your life force feels restored.
Okay, then.
Okay, then.
Magic courses through your body.
Casting: Scorch (safe; 1% risk of failure)
Confirm with . or Enter, or press ? or * to list all spells.
You conjure some foxfire!
The foxfire hits the troll!
The troll is moderately wounded.
Casting: Foxfire (safe; 1% risk of failure)
Confirm with . or Enter, or press ? or * to list all spells.
Casting: Flame Wave (dangerous; 1% risk of failure)
Press: ? - help, Dir - look around, f - activate A wave of flame ripples out! (Press . to intensify the flame waves.)
A wave of flame ripples out!
The flame wave engulfs the troll!!
The troll is heavily wounded.
The troll misses you. The troll claws you! The troll claws you.
A wave of flame ripples out!
The flame wave engulfs the troll.
The troll is severely wounded.
You finish channelling waves of flame.
The troll bites you! The troll misses you. The troll closely misses you.
Casting: Flame Wave (dangerous; 1% risk of failure)
Confirm with . or Enter, or press ? or * to list all spells.
Flames lash the troll.
The troll is severely wounded.
The troll's fire resistance burns away.
The troll closely misses you. The troll claws you! The troll claws you.
* * * LOW HITPOINT WARNING * * *
Casting: Scorch (safe; 1% risk of failure)
Confirm with . or Enter, or press ? or * to list all spells.
Flames lash the troll.
The troll is burned terribly!
The troll is almost dead.
The troll bites you!
* * * LOW HITPOINT WARNING * * *
The troll barely misses you. The troll claws you!
You die...

......#
#...#
###.###
#.#.## .#
#.#..# .#
..##.#
..###.###
#.# #...#
.. ###.##
.## #..#
##@# ...#
#T# ###.#.#
#†[§.......
####T.....g
#.......g
#........
#........
#>....}.z
#........


You could see a troll (combustible).

Vanquished Creatures
  Erica (D:8)
  Joseph (D:8)
  A troll (D:9)
  Sigmund (D:6)
  4 yaks
  Eustachio (D:6)
  A wyvern (D:7)
  Grum (D:8)
  2 wargs (D:8)
  Menkaure (D:5)
  Duvessa (D:4)
  A water moccasin (D:6)
  2 sky beasts
  2 black bears (D:5)
  2 orc warriors (D:8)
  An ice beast (D:5)
  An ogre (D:6)
  2 wolves (D:8)
  6 centaurs
  A phantom (D:4)
  2 kobold brigands
  6 bullfrogs
  A gnoll sergeant (D:6)
  3 scorpions
  3 wights (D:9)
  Dowan (D:4)
  11 killer bees
  6 howler monkeys
  3 hounds (D:5)
  3 orc priests (D:8)
  A jelly (D:5)
  2 gnoll shamans
  Jessica (D:3)
  3 iguanas
  2 orc wizards
  12 adders
  11 gnolls
  A shadow imp (D:8)
  2 white imps
  2 worms
  2 dart slugs
  21 orcs
  5 ball pythons
  7 bats
  6 endoplasms
  6 goblins
  11 hobgoblins
  2 jackals (D:1)
  15 kobolds
  9 quokkas
  2 frilled lizards
  4 rats
199 creatures vanquished.

Vanquished Creatures (collateral kills)
  An endoplasm (D:2)
  A goblin (D:2)
2 creatures vanquished.

Vanquished Creatures (others)
  420 foxfires
  17 plants
437 creatures vanquished.

Grand Total: 638 creatures vanquished

Notes
Turn   | Place    | Note
-------+----------+-------------------------------------------
     0 | D:1      | Ijustatesigmund the Deep Elf Fire Elementalist began the
                  | quest for the Orb.
     0 | D:1      | Reached XP level 1. HP: 10/10 MP: 6/6
   364 | D:1      | Reached XP level 2. HP: 15/15 MP: 4/8
   736 | D:1      | Learned a level 2 spell: Scorch
  1092 | D:2      | Reached skill level 4 in Fire Magic
  1092 | D:2      | Reached XP level 3. HP: 19/19 MP: 2/9
  2110 | D:2      | Reached XP level 4. HP: 24/24 MP: 8/11
  2534 | D:3      | Noticed Jessica
  2538 | D:3      | Killed Jessica
  2979 | D:3      | Reached XP level 5. HP: 28/28 MP: 11/13
  2991 | D:3      | Learned a level 3 spell: Conjure Flame
  3036 | D:3      | Found Fecriuq's Magic Scroll Boutique.
  3044 | D:3      | Bought a scroll of identify for 28 gold pieces
  3392 | D:4      | Found a burning altar of Makhleb.
  3452 | D:4      | Found a transporter.
  3497 | D:4      | Reached skill level 5 in Fire Magic
  3530 | D:4      | Found a transporter.
  3674 | D:4      | Noticed a phantom
  3681 | D:4      | Killed a phantom
  3682 | D:4      | Reached skill level 1 in Evocations
  3682 | D:4      | Reached XP level 6. HP: 32/32 MP: 7/15
  3757 | D:4      | Noticed Duvessa
  3757 | D:4      | Noticed Dowan
  3764 | D:4      | Killed Duvessa
  3765 | D:4      | Reached skill level 5 in Spellcasting
  4047 | D:4      | Killed Dowan
  4786 | D:4      | Found an ancient bone altar of Kikubaaqudgha.
  4787 | D:4      | Found an ornate altar of the Wu Jian Council.
  4789 | D:4      | Found an iron altar of Okawaru.
  4808 | D:5      | Entered Level 5 of the Dungeon
  4935 | D:5      | Reached XP level 7. HP: 31/37 MP: 12/17
  5048 | D:5      | Reached skill level 1 in Fighting
  5048 | D:5      | Reached skill level 5 in Conjurations
  5142 | D:5      | Reached skill level 6 in Fire Magic
  5564 | D:5      | Noticed Menkaure
  5572 | D:5      | Killed Menkaure
  5640 | D:5      | Reached XP level 8. HP: 44/44 MP: 15/20
  6335 | D:5      | Reached skill level 7 in Fire Magic
  6890 | D:6      | Found a blossoming altar of Fedhas.
  7195 | D:6      | Noticed Sigmund
  7201 | D:6      | Killed Sigmund
  7306 | D:6      | Noticed Eustachio
  7310 | D:6      | Killed Eustachio
  7311 | D:6      | Reached skill level 5 in Dodging
  7311 | D:6      | Reached XP level 9. HP: 48/48 MP: 14/23
  7472 | D:6      | Found an opulent altar of Gozag.
  7918 | D:6      | Reached skill level 8 in Fire Magic
  8712 | D:7      | Found a shimmering blue altar of Sif Muna.
  9525 | D:7      | Found a stormy altar of Qazlal.
  9525 | D:7      | Found a bloodstained altar of Trog.
  9527 | D:7      | Found a sacrificial altar of Ru.
  9948 | D:8      | Learned a level 2 spell: Blink
  9953 | D:8      | Learned a level 4 spell: Flame Wave
  9989 | D:8      | Reached skill level 1 in Translocations
  9989 | D:8      | Reached skill level 9 in Fire Magic
 10100 | D:8      | You fall into a shaft and drop 2 floors!
 10100 | D:10     | Entered Level 10 of the Dungeon
 10100 | D:10     | Noticed Urug
 10112 | D:9      | Noticed a troll
 10116 | D:10     | Noticed a two-headed ogre
 10361 | D:11     | Reached XP level 10. HP: 24/53 MP: 20/25
 10684 | D:11     | Noticed a red ugly thing
 11074 | D:8      | Found a hazy altar of Hepliaklqana.
 11082 | D:8      | Noticed Erica
 11274 | D:8      | Noticed Joseph
 11284 | D:8      | Killed Joseph
 11730 | D:8      | Found a staircase to the Lair.
 11739 | D:8      | Reached skill level 10 in Fire Magic
 11762 | D:8      | Killed Erica
 11763 | D:8      | Reached skill level 5 in Translocations
 12160 | D:8      | Noticed Grum
 12174 | D:8      | Killed Grum
 12563 | D:9      | Reached skill level 10 in Spellcasting
 12722 | D:9      | Reached skill level 11 in Fire Magic
 12734 | D:9      | Mangled by a troll

Illustrated notes

Levels and vault maps discovered:
D:1:      eino_arrival_druids_welcome, layout_basic, minmay_misc_feat_tiny
D:2:      minmay_recursive_quarters, layout_basic, serial_bayou_lagoon_a
D:3:      layout_rooms, serial_shops, shop_fountains, serial_curves,
          eino_curves_04, eino_curves_02, uniq_jessica
D:4:      gammafunk_cloud_chamber, layout_gridville, minitemple, serial_forest,
          infiniplex_forest_diagonal, infiniplex_forest_lined_room_2,
          infiniplex_forest_corner_1, infiniplex_forest_straight_3,
          infiniplex_forest_clump_curved, infiniplex_forest_diagonal,
          infiniplex_forest_corner_1, infiniplex_forest_end_double,
          infiniplex_forest_straight_1, dk_noncrumbling_3, uniq_duvessa
D:5:      minmay_thick_lines, layout_basic, minmay_temple_entry_from_below_a,
          uniq_menkaure
D:6:      layout_gridville, mainiacjoe_overflow_six_doors_small,
          lemuel_crystal_altar, ebering_dispersal_statue_hall, uniq_sigmund,
          uniq_eustachio
D:7:      layout_basic, mainiacjoe_overflow_alcove_3, serial_co_window_serial,
          co_window_paths_a, co_window_corner_a, co_window_cross_1,
          co_window_corner_a, co_window_corner_a, co_window_broadway_b,
          co_window_2corner, co_window_corner_b, co_window_broadway_c,
          co_window_broadway_b, co_window_4corner_a, co_window_paths_d,
          glass_columns_c
D:8:      layout_basic, nicolae_hepliaklqana_hazy_memory,
          erik_lair_orcish_takeover, uniq_grum, uniq_joseph, uniq_erica
D:9:      layout_rooms, erik_orc_1
D:10:     layout_gridville, hangedman_misty_isle, uniq_urug
D:11:     hellmonk_destroyed_diamonds, layout_cave_pods,
          chequers_serial_rivers_micro_a, uniq_nergalle, uniq_josephine

Skill      XL: |  1  2  3  4  5  6  7  8  9 10 |
---------------+-------------------------------+-----
Conjurations   | 2 3 4 5 6 8 |  8.7
Fire Magic     | 4 5 6 7 9 11 | 11.0
Spellcasting   | 4 5 6 8 9 10 | 10.2
Evocations     | 1 2 |  2.0
Fighting       | 2 |  2.6
Dodging        | 5 |  5.3
Translocations | 2 5 |  5.9
Stealth        | |  2.4

Action                   |  1- 3 |  4- 6 |  7- 9 | 10-12 || total
-------------------------+-------+-------+-------+-------++-------
Melee: Short sword       |     3 |       |       |       ||     3
       Quarterstaff      |     5 |     1 |       |       ||     6
       Dagger            |       |       |     7 |    12 ||    19
       Punch             |       |       |       |     1 ||     1
 Cast: Foxfire           |    43 |    81 |   107 |    24 ||   255
       Scorch            |    12 |    12 |    93 |    20 ||   137
       Conjure Flame     |       |     1 |       |       ||     1
       Flame Wave        |       |       |     3 |    16 ||    19
       Blink             |       |       |     1 |       ||     1
  Use: Scroll            |     6 |     7 |     5 |     5 ||    23
       Potion            |       |       |     5 |     5 ||    10
Armor: Robe              |    11 |     5 |    26 |     7 ||    49
Dodge: Dodged            |    19 |    20 |   156 |    54 ||   249

Table legend: (Time is in decaauts)
 A = Elapsed time spent in this place.
 B = Non-inter-level travel time spent in this place.
 C = Inter-level travel time spent in this place.
 D = Time resting spent in this place.
 E = Time spent auto-exploring this place.
 F = Levels seen in this place.
 G = Mean time per level.
                   A        B        C        D        E       F      G
               +--------+--------+--------+--------+--------+-----+--------+
         Total |  12763 |  12564 |    199 |   4778 |   6308 |  11 | 1160.3 |
       Dungeon |  12763 |  12564 |    199 |   4778 |   6308 |  11 | 1160.3 |
               +--------+--------+--------+--------+--------+-----+--------+

Top non-repeatable levels by time:
     D:5: 1914 daAuts
     D:8: 1771 daAuts
     D:6: 1632 daAuts
     D:7: 1570 daAuts
     D:2: 1446 daAuts
     D:4: 1424 daAuts
     D:1: 1084 daAuts
     D:3: 862 daAuts
    D:11: 829 daAuts
     D:9: 209 daAuts
    D:10: 17 daAuts
